 Dungeon Crawl Stone Soup version 0.28-a0-1629-gf728b707aa (webtiles) character file.

Game seed: 17863825029348123026

471 fragbeetle the Chiller (level 7, -1/51 HPs)
             Began as a Merfolk Ice Elementalist on Jan 25, 2022.
             Was an Initiate of Sif Muna.
             Slain by a centaur (3 damage)
             ... on level 5 of the Dungeon.
             The game lasted 00:08:03 (5166 turns).

fragbeetle the Chiller (Merfolk Ice Elementalist)   Turns: 5166, Time: 00:08:03

Health: -1/51      AC:  3    Str:  8    XL:     7   Next: 9%
Magic:  1/10       EV: 13    Int: 17    God:    Sif Muna [......]
Gold:   214        SH:  0    Dex: 14    Spells: 3/10 levels left

rFire   . . .      SeeInvis .   t - +0 halberd
rCold   . . .      Faith    .   (shield currently unavailable)
rNeg    . . .      Spirit   .   a - +0 robe
rPois   +          Reflect  .   (no helmet)
rElec   .          Harm     .   o - +0 cloak
rCorr   +          Rampage  .   (no gloves)
Will    .....                   (no boots)
Stlth   +++.......              (no amulet)
HPRegen 0.17/turn               s - ring of resist corrosion
MPRegen 0.12/turn               (no ring)

@: freezing walls
A: (nimble swimmer 2), mertail, claws 1, poison resistance, screaming 1,
MP-powered wands
a: Renounce Religion


You were on level 5 of the Dungeon.
You worshipped Sif Muna.
Sif Muna was noncommittal.
You visited 1 branch of the dungeon, and saw 5 of its levels.

You collected 214 gold pieces.

Inventory:

Hand Weapons
 d - a +0 spear
 t - a +0 halberd (weapon)
Missiles
 b - 2 throwing nets
 v - 2 poisoned darts
Armour
 a - a +0 robe (worn)
 o - a +0 cloak (worn)
Magical Staves
 w - a staff of poison
Jewellery
 s - a ring of resist corrosion (left claw)
Wands
 u - a wand of flame (20)
Scrolls
 c - a scroll of immolation {unknown}
 e - 2 scrolls of fog {unknown}
 g - 2 scrolls of brand weapon {unknown}
 i - a scroll of fear {unknown}
 j - 4 scrolls of identify {unknown}
 l - 2 scrolls of enchant weapon {unknown}
 r - 3 scrolls of blinking {unknown}
Potions
 f - a potion of lignification {unknown}
 h - a potion of heal wounds {unknown}
 k - a potion of mutation
 m - a potion of berserk rage {unknown}
 n - a potion of curing
 p - 2 potions of attraction {unknown}
 q - a potion of brilliance {unknown}


   Skills:
 + Level 2.7 Fighting
 * Level 4.6 Polearms
 + Level 4.4 Dodging
 + Level 3.9 Stealth
 + Level 2.2 Spellcasting
 * Level 6.1 Ice Magic


You had 3 spell levels left.
You knew the following spells:

 Your Spells              Type           Power      Damage    Failure   Level
a - Freeze                Ice            88%        1d10      1%          1
b - Frozen Ramparts       Ice            44%        1d6       4%          3
c - Ozocubu's Armour      Ice            22%        N/A       4%          3

Your spell library contained the following spells:

 Spells                   Type           Power      Damage    Failure   Level
 Foxfire                  Conj/Fire      4%         2x1d4     19%         1
 Sandblast                Erth           2%         2d4       19%         1
 Passwall                 Tmut/Erth      0%         N/A       28%         2
 Sublimation of Blood     Necr           1%         N/A       28%         2
 Conjure Flame            Conj/Fire      1%         6-21      50%         3
 Inner Flame              Hex/Fire       1%         N/A       50%         3
 Stone Arrow              Conj/Erth      2%         3d7       50%         3
 Hailstorm                Conj/Ice       12%        3d5       47%         4
 Flame Wave               Conj/Fire      1%         2d4       88%         4
 Petrify                  Tmut/Erth      1%         N/A       88%         4
 Irradiate                Conj/Tmut      0%         3d14      99%         5


Dungeon Overview and Level Annotations

Branches:
Dungeon (5/15)
 Temple: D:4-7

Altars:
Makhleb
Sif Muna


Innate Abilities, Weirdness & Mutations

((You are very nimble when in or above water. (Stealth+, EV+, Speed+++)))
Your lower body shifts to a powerful aquatic tail in water.
You have sharp fingernails.
Your system is resistant to poisons. (rPois)
You occasionally shout uncontrollably at your foes.
You expend magic power (3 MP) to strengthen your wands.


Message History

Press: ? - help, Dir - look around, f - activate The walls around you are covered in ice.
The wall freezes the centaur.
The centaur barely misses you. The centaur misses you.
Casting: Frozen Ramparts (dangerous; 4% risk of failure)
Confirm with . or Enter, or press ? or * to list all spells.
You don't have enough magic to cast this spell.
Unknown command.
You are too injured to fight recklessly!
You are too injured to fight recklessly!
You are too injured to fight recklessly!
You are too injured to fight recklessly!
Unknown command.
You barely miss the centaur.
The centaur is moderately wounded.
The wall freezes the centaur.
The centaur closely misses you. The centaur kicks you.
* * * LOW HITPOINT WARNING * * *
The wall freezes the centaur.
The centaur hits you.
* * * LOW HITPOINT WARNING * * *
The centaur kicks you but does no damage.
You barely miss the centaur.
The centaur is moderately wounded.
The wall freezes the centaur.
The centaur hits you.
* * * LOW HITPOINT WARNING * * *
The centaur kicks you.
* * * LOW HITPOINT WARNING * * *
The wall freezes the centaur.
The centaur misses you. The centaur barely misses you.
You barely miss the centaur.
The centaur is heavily wounded.
The wall freezes the centaur.
The centaur closely misses you. The centaur kicks you.
* * * LOW HITPOINT WARNING * * *
The wall freezes the centaur.
The centaur misses you. The centaur kicks you.
* * * LOW HITPOINT WARNING * * *
You hit the centaur.
The centaur is severely wounded.
The wall freezes the centaur.
The centaur hits you.
You die...

...........##
...##.#..##..#
...##..#.##..#
.............#
....#........#
...#.....[####
####
........†#
#...
..##..##.#
#... # #.c@..#
#...
.=.?...####
#... .......
#... ......#
#### ......
...... .....
.....


You could see a centaur.

Vanquished Creatures
  A necrophage (D:3)
  A scorpion (D:5)
  A bullfrog zombie (D:5)
  2 hounds (D:5)
  A centaur zombie (D:4)
  An orc wizard (D:4)
  Terence (D:2)
  6 gnolls (D:4)
  2 adders
  An ufetubus (D:5)
  A worm (D:5)
  2 dart slugs (D:1)
  An orc (D:5)
  3 ball pythons
  5 bats
  4 endoplasms
  3 giant cockroaches (D:2)
  6 goblins
  7 hobgoblins
  10 jackals (D:1)
  6 kobolds
  2 quokkas
  5 frilled lizards
  7 rats
79 creatures vanquished.

Vanquished Creatures (others)
  A plant (D:2)
1 creature vanquished.

Grand Total: 80 creatures vanquished

Notes
Turn   | Place    | Note
-------+----------+-------------------------------------------
     0 | D:1      | fragbeetle the Merfolk Ice Elementalist began the quest for
                  | the Orb.
     0 | D:1      | Reached XP level 1. HP: 13/13 MP: 3/3
   169 | D:1      | Reached XP level 2. HP: 20/20 MP: 1/5
   703 | D:1      | Reached XP level 3. HP: 16/25 MP: 3/6
   704 | D:1      | Reached skill level 1 in Fighting
   709 | D:1      | Reached skill level 1 in Polearms
  1573 | D:2      | Reached skill level 5 in Ice Magic
  1745 | D:2      | Noticed Terence
  1756 | D:2      | Learned a level 3 spell: Frozen Ramparts
  1758 | D:2      | Reached XP level 4. HP: 32/32 MP: 3/7
  1762 | D:2      | Learned a level 3 spell: Ozocubu's Armour
  1771 | D:2      | Killed Terence
  2856 | D:3      | Found a burning altar of Makhleb.
  2863 | D:3      | Noticed a necrophage
  2875 | D:3      | Killed a necrophage
  2876 | D:3      | Reached XP level 5. HP: 31/38 MP: 2/8
  3188 | D:3      | Found a faded altar of an unknown god.
  3563 | D:4      | HP: 1/38 [gnoll (5)]
  4077 | D:4      | Reached XP level 6. HP: 44/44 MP: 2/9
  4353 | D:4      | Found a shimmering blue altar of Sif Muna.
  4361 | D:4      | Became a worshipper of Sif Muna the Loreminder
  4406 | D:5      | Entered Level 5 of the Dungeon
  5084 | D:5      | Reached skill level 6 in Ice Magic
  5155 | D:5      | Reached XP level 7. HP: 12/51 MP: 3/10
  5156 | D:5      | Gained mutation: Your system is resistant to poisons.
                  | (rPois) [potion of mutation]
  5156 | D:5      | Gained mutation: You occasionally shout uncontrollably at
                  | your foes. [potion of mutation]
  5156 | D:5      | Gained mutation: You expend magic power (3 MP) to
                  | strengthen your wands. [potion of mutation]
  5156 | D:5      | Gained mutation: You have sharp fingernails. [potion of
                  | mutation]
  5165 | D:5      | HP: 2/51 [centaur (3)]
  5166 | D:5      | Slain by a centaur

Illustrated notes

Levels and vault maps discovered:
D:1:      tarquinn_simple_flora_water_a, layout_basic
D:2:      cheibrodos_old_hovel, layout_loops_corners, uniq_terence
D:3:      layout_basic, mainiacjoe_overflow_six_doors_small,
          shapermc_ecumenical_altar_mp_highgroup
D:4:      layout_basic, tgw_sif, serial_corexii_hall,
          corexii_hall_statues_deadend, corexii_hall_statues_x
D:5:      layout_basic, hangedman_abyss_or_decor_lesser_grid,
          hangedman_decor_opposing

Skill      XL: |  1  2  3  4  5  6 |
---------------+-------------------+-----
Dodging        | 3 4 |  4.4
Fighting       | 1 2 |  2.7
Polearms       | 1 3 4 |  4.6
Ice Magic      | 5 6 |  6.1
Stealth        | 3 |  3.9
Spellcasting   | |  2.2

Action                   |  1- 3 |  4- 6 |  7- 9 || total
-------------------------+-------+-------+-------++-------
Melee: Unarmed           |     2 |       |       ||     2
       Spear             |    12 |    58 |       ||    70
       Halberd           |       |    58 |     4 ||    62
       Punch             |       |     1 |       ||     1
 Cast: Freeze            |    53 |    25 |       ||    78
       Frozen Ramparts   |       |     7 |     1 ||     8
       Ozocubu's Armour  |       |     5 |       ||     5
  Use: Potion            |       |       |     3 ||     3
 Stab: Sleeping          |     5 |     4 |       ||     9
Armor: Robe              |    10 |    35 |     1 ||    46
Dodge: Dodged            |    35 |   115 |    11 ||   161

Table legend: (Time is in decaauts)
 A = Elapsed time spent in this place.
 B = Non-inter-level travel time spent in this place.
 C = Inter-level travel time spent in this place.
 D = Time resting spent in this place.
 E = Time spent auto-exploring this place.
 F = Levels seen in this place.
 G = Mean time per level.
                   A        B        C        D        E       F      G
               +--------+--------+--------+--------+--------+-----+--------+
         Total |   5176 |   5056 |    120 |     22 |   4246 |   5 | 1035.2 |
       Dungeon |   5176 |   5056 |    120 |     22 |   4246 |   5 | 1035.2 |
               +--------+--------+--------+--------+--------+-----+--------+

Top non-repeatable levels by time:
     D:1: 1478 daAuts
     D:2: 1157 daAuts
     D:4: 1134 daAuts
     D:5: 772 daAuts
     D:3: 633 daAuts
